 Dungeon Crawl Stone Soup version 0.31-a0-233-g139696dc86 (webtiles) character file.

Game seed: 5150534625079947622

608722 rinqtmith the Conqueror (level 26, -5/266 HPs)
             Began as a Minotaur Berserker on July 8, 2023.
             Was an Elder of Trog.
             Killed from afar by an orb of fire (7 damage)
             ... with a bolt of fire
             ... on level 5 of the Realm of Zot.
             The game lasted 02:45:58 (65357 turns).

rinqtmith the Conqueror (Minotaur Berserker)       Turns: 65357, Time: 02:45:59

Health: -5/266     AC: 36    Str: 29 (30) XL:     26   Next: 70%
Magic:  7/7        EV: 16    Int: -1 (4)  God:    Trog [****..]
Gold:   4953       SH:  0    Dex: 13 (14) Spells: 25/25 levels left

rFire   + + +        b - +2 broad axe (antimagic)
rCold   + + +        q - +1 tower shield {rPois}
rNeg    + . .        n - +9 gold dragon scales {rare}
rPois   +            d - +0 hat {Will+}
rElec   +            g - scarf of Springtime {rC+ rF+, rN+}
rCorr   .            v - +0 pair of gloves "Qiter" {rF+ rC+}
SInv    +            m - +2 pair of boots {Fly}
Will    ++++.        x - amulet of the Air {Inacc Air Fly rElec RMsl} Stlth
                     y - +4 ring of slaying
HPRegen 1.64/turn    T - ring of Awaecza {rC+ Slay+3 SInv}
MPRegen 0.10/turn

%: repel missiles
@: confused, ambrosia-drunk, strong-willed, flying, regenerating, slowed, lost
intelligence, studying 3 skills, unable to read, very slow
A: horns 2, retaliatory headbutt, deformed body, deterioration 1, MP-powered
wands
}: 3/15 runes: decaying, serpentine, silver
a: Renounce Religion, Berserk, Trog's Hand, Brothers in Arms


You were on level 5 of the Realm of Zot.
You worshipped Trog.
Trog was greatly pleased with you.
You visited 9 branches of the dungeon, and saw 47 of its levels.
You visited the Abyss 1 time.
You visited 1 bazaar.
You also visited: Trove, Sewer, Bailey, Gauntlet, Ice Cave and Desolation.

You collected 9447 gold pieces.
You spent 4494 gold pieces at shops.


Innate Abilities, Weirdness & Mutations

You have a pair of horns on your head.
You reflexively headbutt those who attack you in melee.
Armour fits poorly on your strangely shaped body.
Your body sometimes deteriorates upon taking damage.
You expend magic power (3 MP) to strengthen your wands.


   Skills:
 O Level 27 Fighting
 - Level 18.0 Axes
 - Level 16.0 Throwing
 O Level 27 Armour
 O Level 27 Dodging
 - Level 16.0 Shields
 + Level 12.1 Evocations


You had 25 spell levels left.
You didn't know any spells.
Your spell library was empty.

Inventory:

Hand Weapons
 a - a +8 heavy broad axe
   (You took it off a kobold in a bailey)
 b - a +2 antimagic broad axe (weapon)
   (Trog gifted it to you on level 1 of the Elven Halls)
 w - a +8 broad axe of flaming
   (Trog gifted it to you on level 3 of the Depths)
Missiles
 j - 12 silver javelins (quivered)
Armour
 d - a +0 hat of willpower (worn)
   (You found it on level 3 of the Depths)
 g - the scarf of Springtime (worn) {rC+ rF+, rN+}
   (You acquired it on level 3 of the Realm of Zot)

   rN:        It protects you from negative energy.
 h - a +7 crystal plate armour of ponderousness {rare}
   (You bought it in a shop on level 11 of the Dungeon)
 m - a +2 pair of boots of flying (worn)
   (You acquired it on level 5 of the Dungeon)
 n - +9 gold dragon scales (worn) {rare}
   (You took it off Parghit on level 2 of the Realm of Zot)
 q - a +1 tower shield of poison resistance (worn)
   (You found it in a treasure trove)
 v - the +0 pair of gloves "Qiter" (worn) {rF+ rC+}
   (You acquired it on level 4 of the Realm of Zot)

   rF:        It protects you from fire.
   rC:        It protects you from cold.
Jewellery
 i - the amulet "Ypiyq" {Faith Contam +Inv Str+8 Stlth+}
   (You found it on level 4 of the Realm of Zot)

   [amulet of faith]

   It allows you to gain divine favour quickly.
   Str:       It affects your strength (+8).
   +Inv:      It lets you turn invisible.
   Contam:    It causes magical contamination when unequipped.
   Stlth:     It makes you more stealthy.
 x - the amulet of the Air (around neck) {Inacc Air Fly rElec RMsl}
   (You found it on level 4 of the Depths)

   [amulet of nothing]

   Inacc:     It reduces the accuracy of your attacks and spells.
   Air:       It enhances your air magic.
   rElec:     It insulates you from electricity.
   Fly:       It grants you flight.
   RMsl:      It protects you from missiles.
 y - a +4 ring of slaying (left hand)
   (You found it on level 5 of the Vaults)
 T - the ring of Awaecza (right hand) {rC+ Slay+3 SInv}
   (You found it in a treasure trove)

   [ring of protection from cold]

   Slay:      It affects your accuracy & damage with ranged weapons and melee
   (+3).
   rC:        It protects you from cold.
   SInv:      It lets you see invisible.
Wands
 e - a wand of mindburst (21)
   (You found it on level 5 of the Lair of Beasts)
 k - a wand of flame (116)
   (You found it on level 4 of the Dungeon)
 t - a wand of quicksilver (57)
   (You found it on level 8 of the Dungeon)
 A - a wand of digging (31)
   (You found it on level 11 of the Dungeon)
 H - a wand of iceblast (63)
   (You found it on level 9 of the Dungeon)
Scrolls
 c - 12 scrolls of immolation {!r!r}
 u - a scroll of silence {!r}
 z - 7 scrolls of fog
 G - 6 scrolls of blinking {!r}
 K - 16 scrolls of teleportation {@r4}
 L - 8 scrolls of poison {!r}
 N - 7 scrolls of fear
Potions
 f - 4 potions of ambrosia
 l - 13 potions of lignification {!q}
 p - 7 potions of cancellation
 s - a potion of enlightenment
 B - 13 potions of mutation {!q}
 I - a potion of curing {@q1}
 Y - 6 potions of attraction {!q}
Miscellaneous
 r - a lightning rod (4/4)
   (You found it on level 14 of the Dungeon)

Dungeon Overview and Level Annotations

Branches:
Dungeon (15/15) Zot: 24137  Temple (0/1) D:7            Lair (5/5) D:10 Zot: 23966
  Swamp (4/4) Lair:3 Zot: 20698   Snake (4/4) Lair:3 Zot: 18186   Slime (0/5) Lair:4
    Orc (2/2) D:9 Zot: 9204     Elf (3/3) Orc:2 Zot: 12096  Vaults (5/5) D:14 Zot: 18374
  Crypt (0/3) Vaults:2     Depths (4/4) D:15 Zot: 15186     Zot (5/5) Depths:4 Zot: 22948
  Sewer (visited)          Bailey (visited)           IceCv (visited)
Desolation (visited)      Gauntlet (visited)

Altars:
Ashenzari
Cheibriados
Dithmenos
Elyvilon
Fedhas
Kikubaaqudgha
Makhleb
Ru
Wu Jian
Xom
Yredelemnul
The Shining One

Shops:
D:3 !   D:10 (   Orc:1 ::   Orc:2 ?([*(   Elf:1 :[(   Snake:1 :==:   Snake:2 :
Vaults:1 =   Vaults:2 [   Vaults:4 =   Depths:1 ?=

Portals:
Hell: Depths:1 Depths:2 Depths:3 Depths:4
Abyss: Depths:3
Pandemonium: Depths:2 Depths:4
Ziggurat: Depths:3

Annotations:
D:13 1 runed translucent door
Elf:3 exclusions: door and 5 more exclusions

,,,,,,,,,,^,,,,,,,,,,*,,,,,,,,,,,
......,,,,,,,,,,,,,,,**,,,,,,,,,*
......,,,,,,,,,,,,,,,***,^,,,,,**
.^.L..,,,,,,,,,,,,,,,* *********
......,,,,,^,,,,,,,,**
......,,,,,,,,,,,,***
......,,,,,,,,,****
▓.....##▓▓▓▓▓▓▓▓▓▓▓#
.............1L*@))###
......^......1L##)...## *
...............2###)..###########
.................###.............
................p# ##.......^....
..........p......# #.)..........
.....^....^......# ##...........
..........^......# #........^..
,,,,,............# ##.^.........


You could see an orb of fire, a Killer Klown, 2 dread liches, a Tzitzimitl
(summoned) and a Brimstone Fiend (summoned).


Message History

You feel much better. You block the dread lich's attack.
The dread lich casts a spell.
You block the dread lich's attack. 😱 HP[+27]
You regained 27 hp, and now have 57/266 hp.
You feel much better.
The dread lich touches you but does no damage.
The Killer Klown blinks!
The Brimstone Fiend calls on the powers of darkness!
Your body is wracked with pain!
* * * LOW HITPOINT WARNING * * *
The dread lich closely misses you. 😱 HP[-8]
You take 8 damage, and now have 49/266 hp.
You slice the dread lich!! Your headbutt misses the dread lich.
The Tzitzimitl gestures at you.
The bolt of negative energy hits the dread lich.
The dread lich completely resists.
The bolt of negative energy hits the orb of fire.
The orb of fire completely resists.
The bolt of negative energy misses you.
The orb of fire glows deep purple.
Strange energies course through your body.
You feel yourself wasting away. 😱 HP[+3] MP[+1]
You regained 3 hp, and now have 52/266 hp.
You feel better.
The Killer Klown blinks!
The Tzitzimitl calls on the powers of darkness!
Your body is wracked with pain!
* * * LOW HITPOINT WARNING * * *
The Killer Klown convulses! 😱 HP[-15]
You take 15 damage, and now have 37/266 hp.
You cannot read scrolls in your current state!
You cut the orb of fire into ribbons!!!
The Tzitzimitl calls on the powers of darkness!
Your body is wracked with pain!
* * * LOW HITPOINT WARNING * * *
The Killer Klown convulses!
The Killer Klown blinks!
The orb of fire glows deep purple.
The fireball explodes!
The fireball engulfs you! You resist.
* * * LOW HITPOINT WARNING * * *
The fireball engulfs the orb of fire.
The orb of fire completely resists. 😱 HP[-21]
You take 21 damage, and now have 16/266 hp.
You feel better.
The orb of fire emits a lurid red light.
The fireball explodes!
The fireball engulfs you. You resist.
* * * LOW HITPOINT WARNING * * *
The fireball engulfs the orb of fire.
The orb of fire completely resists. 😱 HP[+11] MP[+1]
You regained 11 hp, and now have 27/266 hp.
Your mp is fully restored (24).
You feel magic leave you.
b - a +2 antimagic broad axe (weapon)
The Tzitzimitl calls on the powers of darkness!
Your body is wracked with pain!
* * * LOW HITPOINT WARNING * * *
😱 HP[-10] MP[-16]
You take 10 damage, and now have 17/266 hp.
You completely miss the orb of fire. You headbutt the orb of fire.
The orb of fire glows red.
Strange energies course through your body.
You feel less energetic.
The orb of fire glows yellow.
Strange energies course through your body.
Your body twists and deforms. 😱 HP[+2] MP[-1]
You regained 2 hp, and now have 19/266 hp.
Your ogre goes berserk!
Trog will no longer gift you weapons.
The orb of fire glows deep purple.
The fireball explodes!
The fireball engulfs you! You resist.
* * * LOW HITPOINT WARNING * * *
The fireball engulfs the orb of fire.
The orb of fire completely resists.
The fireball engulfs your ogre!!!!
Your ogre dies!
Your ogre's corpse disappears in a puff of smoke!
The Brimstone Fiend calls on the powers of darkness!
Your body is wracked with pain!
* * * LOW HITPOINT WARNING * * *
😱 HP[-12]
You take 12 damage, and now have 7/266 hp.
Your skin crawls.
You feel strong-willed.
The Brimstone Fiend calls on the powers of darkness!
The Killer Klown convulses!
Your body is wracked with pain!
* * * LOW HITPOINT WARNING * * *
The Killer Klown blinks! 😱 HP[-1]
You take 1 damage, and now have 6/266 hp.
You are confused.
You feel invigorated.
The orb of fire emits a lurid red light.
The fireball explodes!
The fireball engulfs you! You resist.
* * * LOW HITPOINT WARNING * * *
The fireball engulfs the orb of fire.
The orb of fire completely resists.
The orb of fire glows deep purple.
The bolt of fire hits you! You resist.
You die...

Skill      XL: |  1  2  3  4  5  6  7  8  9 10 11 12 13 14 15 16 17 18 19 20 21 22 23 24 25 26 |
---------------+-------------------------------------------------------------------------------+-----
Fighting       | 4 5 6 7 8 10 11 12 13 14 15 16 18 20 21 22 23 24 26 27 | 27.0
Axes           | 4 5 6 7 8 10 11 12 13 14 15 16 17 18 | 18.0
Armour         | 3 4 5 7 8 9 11 12 13 14 15 16 18 20 21 22 23 24 26 27 | 27.0
Dodging        | 3 4 5 6 7 8 10 11 12 13 15 17 18 19 20 21 23 24 27 | 27.0
Shields        | 2 4 6 8 9 11 12 13 14 15 16 | 16.0
Throwing       | 4 8 10 13 16 | 16.0
Evocations     | 1 12 | 12.1

Action                     |  1- 3 |  4- 6 |  7- 9 | 10-12 | 13-15 | 16-18 | 19-21 | 22-24 | 25-27 || total
---------------------------+-------+-------+-------+-------+-------+-------+-------+-------+-------++-------
  Melee: Hand axe          |    56 |    63 |    37 |       |       |       |       |       |       ||   156
         Headbutt          |    12 |    12 |    60 |   100 |   126 |   195 |   303 |   339 |   225 ||  1372
         War axe           |       |       |   190 |     8 |    36 |    22 |       |       |       ||   256
         Flail             |       |       |    45 |       |       |       |       |       |       ||    45
         Broad axe         |       |       |       |   429 |   575 |   731 |  1106 |  1104 |   766 ||  4711
         Shillelagh        |       |       |       |       |     5 |       |       |       |       ||     5
  Throw: Javelin           |       |       |       |       |       |       |       |       |     1 ||     1
 Invoke: Trog's Hand       |       |     2 |     6 |     5 |     7 |     7 |    10 |    13 |     9 ||    59
         Berserk           |       |     1 |     4 |     3 |       |     1 |     3 |     5 |     2 ||    19
         Brothers in Arms  |       |       |       |     2 |     2 |     4 |     7 |     8 |     4 ||    27
  Evoke: Wand              |       |       |       |     4 |     1 |     3 |       |     1 |       ||     9
         Lightning rod     |       |       |       |       |       |       |     1 |       |       ||     1
    Use: Scroll            |     7 |     1 |     8 |    15 |     4 |     7 |     5 |    11 |    11 ||    69
         Potion            |       |     1 |     3 |     8 |     2 |     4 |     6 |    20 |    15 ||    59
   Stab: Paralysed         |       |       |     2 |       |       |       |       |       |       ||     2
         Invisible         |       |       |     1 |       |       |       |     5 |     1 |       ||     7
         Distracted        |       |       |       |       |     1 |     2 |     2 |     2 |       ||     7
 Armour: Animal skin       |     2 |       |       |       |       |       |       |       |       ||     2
         Ring mail         |    11 |    19 |    48 |       |       |       |       |       |       ||    78
         Scale mail        |       |       |    81 |    82 |       |       |       |       |       ||   163
         Skin              |       |       |       |     5 |       |       |       |       |       ||     5
         Crystal plate arm |       |       |       |   158 |   431 |   452 |   445 |    84 |   310 ||  1880
         Gold dragon scale |       |       |       |       |       |       |       |   450 |   205 ||   655
  Dodge: Dodged            |    34 |    34 |   177 |   195 |   238 |   295 |   376 |   496 |   419 ||  2264
         Repelled          |       |       |       |       |       |       |       |       |    38 ||    38
  Block: Kite shield       |       |       |   167 |   330 |   760 |   201 |       |       |       ||  1458
         Reflection        |       |       |       |     2 |    17 |    72 |   163 |    49 |       ||   303
         Tower shield      |       |       |       |       |       |   791 |  1338 |  1432 |   842 ||  4403

Levels and vault maps discovered:
D:1:      grunt_arrival_crossed_arrows, layout_loops_ring,
          minmay_misc_feat_four_crosses
D:2:      layout_loops_ring
D:3:      layout_rooms, serial_shops, nicolae_shop_back_alley_shop
D:4:      layout_rooms, nicolae_ru_great_annihilating_truth,
          portal_sewer_entry_d, amcnicky_mini_rare_corridor_liquid,
          uniq_natasha, uniq_duvessa, uniq_sigmund, uniq_crazy_yiuf_cottage,
          uniq_edmund
D:5:      layout_loops_cross, mainiacjoe_overflow_catwalk_spiral,
          skrybe_limestone_x, uniq_ijyb, uniq_menkaure
D:6:      layout_loops_ring, kiku_gazebo_garden_becter,
          yredelemnul_altar_generic
D:7:      layout_cave_pools, minmay_temple_entry_wispy, enter_bailey_7,
          chequers_serial_rivers_micro_c, dilly_guarded_unrand_devastator
D:8:      layout_loops_cross
D:9:      layout_layer_cave, david_orc_2
D:10:     layout_cave_pools, grunt_lair_entry_orc_guard_hut, serial_shops,
          nicolae_square_shop, uniq_nergalle, uniq_erolcha
D:11:     layout_basic, gauntlet_entry_generic, minmay_shop_chei,
          nicolae_eternal_life, amcnicky_mini_pool_small,
          wad_floor_pattern_untrapped
D:12:     layout_roguey
D:13:     layout_roguey, kennysheep_treasure_room
D:14:     layout_long_grid, ximxim_vaults_locker_room, nicolae_hexahallways,
          uniq_louise
D:15:     hangedman_depths_entry_try_elsewhere_first, layout_long_grid,
          enter_trove_2, minmay_fountain_box
Lair:1:   layout_chaotic_city, basic_altar, grunt_megastairs_5,
          lemuel_fruit_fields
Lair:2:   layout_regular_city, dreamdust_mushroom_princess
Lair:3:   layout_misc_corridors, swamp_mist, guppyfry_snake_entry_island
Lair:4:   layout_regular_city, slime_entry_1, portal_ice_cave_rime
Lair:5:   guppyfry_lair_end_dragon, layout_regular_city,
          hangedman_lair_caniforms_friends, serial_bayou_shore_a
Swamp:1:  layout_basic_swamp, nicolae_swamp_feature_on_the_river_bank,
          swamp_pool2, nicolae_swamp_frolicking_bunyips, uniq_mlioglotl,
          uniq_donald
Swamp:2:  layout_basic_swamp, evilmike_swamp_ruin_house_1, uniq_roxanne
Swamp:3:  layout_basic_swamp, evilmike_swamp_ruin_house_2, swamp_pool3,
          nicolae_swamp_bean_lake, infiniplex_staircase_pool_2
Swamp:4:  swamp_old_school, layout_basic_swamp, uniq_aizul
Snake:1:  layout_grid_shapes, serial_shops, shop, minmay_shop_grove
Snake:2:  layout_chambers, basic_altar, serial_shops, nicolae_shop_crystal
Snake:3:  layout_chambers, grunt_ministairs_15, serial_bayou_shore_b,
          uniq_bai_suzhen
Snake:4:  minmay_snake_end_coiled, layout_onion_interference
Orc:1:    layout_caves, serial_shops, nicolae_shop_mannequins,
          nicolae_shop_vocational, uniq_harold
Orc:2:    st_orc_town, layout_diamond_mine, nicolae_shop_firing_range,
          uniq_josephine, uniq_nessos, uniq_snorg, uniq_sonja
Elf:1:    eino_elf_arrival_the_gate, layout_loops_ring, minivault_28,
          grunt_megastairs_1, minmay_shop_star
Elf:2:    elven_hall_of_blades_hangedman_original
          [nicolae_blade_entry_pointy_end], layout_gridlike,
          ebering_ghost_reflecting_pool, bh_hangedman_babel_library
Elf:3:    minmay_elf_hall_furrowed, layout_geoelf_castle, serial_shops,
          bzr_entry_islet
Vaults:1: nicolae_vaults_wrenched, nicolae_vaults_six-pack, v_misc_28,
          nicolae_vaults_two_Ls, ontoclasm_vaults_chip, v_alt_pattern_6,
          hangedman_vaults_nails, nicolae_vaults_tangram_2,
          nicolae_vaults_offset_grid_hallway_1, nicolae_vaults_meeting,
          nicolae_vaults_trapezoid_3, vaults_dpeg_cross, layout_vaults_omnibox,
          serial_shops, nicolae_shop_competitors_out_of_business
Vaults:2: gammafunk_ghost_arena, v_misc_30, vaults_room_grid,
          nicolae_vaults_big_ls, st_hourglassy, nicolae_vaults_weapon_check,
          minmay_crypt_entry_skeletal_spiral, v_pattern_3, v_misc_27,
          nicolae_vaults_shelves_hall, layout_vaults_ring, serial_shops, shop
Vaults:3: portal_desolation_entry_ruin, hangedman_vaults_nodes,
          nicolae_vaults_trapezoid_1, nicolae_vaults_triangles,
          nicolae_vaults_wine_cellar, ontoclasm_vaults_gateway,
          grunt_vaults_swirl, nicolae_vaults_apartment_1,
          nicolae_vaults_diamond_1, v_misc_28, nicolae_vaults_house_1,
          layout_vaults_maze_snakey
Vaults:4: nicolae_vaults_variable_pillar_hall, nicolae_vaults_six-pack,
          nicolae_vaults_thirteen_compartments, nicolae_vaults_what_the_h,
          vaults_mumra_minichess_inversion, nicolae_vaults_storage_room_water,
          nicolae_vaults_storage_closets_2, nicolae_vaults_apartment_1,
          nicolae_vaults_six-pack, nicolae_vaults_surprise_closet,
          layout_vaults_quadrants, serial_shops, shop
Vaults:5
Depths:1: kennysheep_blocky_hall, layout_cave_pools,
          lemuel_coloured_pillars_altar, pf_coc_iceberg, hex_medium,
          nicolae_shop_unique_rings, drop_trap, minmay_misc_feat_more_columns,
          nicolae_nh_oracle_at_delphi
Depths:2: minmay_chopped_fan, layout_cross, rand_demon_pan_entry_7, hell_entry,
          infiniplex_staircase_door_maze
Depths:3: minmay_the_grid_ultimate [minmay_the_grid_prize_four_corners,
          minmay_the_grid_prize_trominoes, minmay_the_grid_prize_trominoes,
          minmay_the_grid_prize_big_room,
          minmay_the_grid_square_5x5_almost_minimal,
          minmay_the_grid_square_5x5_shrine2,
          minmay_the_grid_square_5x5_n_small,
          minmay_the_grid_square_5x5_inner_i,
          minmay_the_grid_square_5x5_misaligned,
          minmay_the_grid_square_5x5_six_small,
          minmay_the_grid_square_5x5_tetrominoes,
          minmay_the_grid_square_5x5_pentomino_r,
          minmay_the_grid_square_5x5_empty,
          minmay_the_grid_square_5x5_tri_point,
          minmay_the_grid_square_5x5_checkered_sparse,
          minmay_the_grid_square_5x5_shrine1,
          minmay_the_grid_square_5x5_inner_z,
          minmay_the_grid_square_5x5_minimal, minmay_the_grid_square_5x5_mess,
          minmay_the_grid_triangle_9x9_shrine,
          minmay_the_grid_triangle_9x9_swiss_cheese,
          minmay_the_grid_triangle_9x9_zippers_vertical,
          minmay_the_grid_triangle_9x9_pentomino_pain,
          minmay_the_grid_triangle_9x9_longest,
          minmay_the_grid_triangle_9x9_odd_lines,
          minmay_the_grid_triangle_9x9_from_above,
          minmay_the_grid_triangle_9x9_stretched_checkered,
          minmay_the_grid_triangle_9x9_corrupted_corridor,
          minmay_the_grid_triangle_9x9_limited_checkers,
          minmay_the_grid_triangle_9x9_intruding_spiral,
          minmay_the_grid_triangle_9x9_flanged_cone,
          minmay_the_grid_triangle_9x9_sprig,
          minmay_the_grid_triangle_9x9_warning,
          minmay_the_grid_triangle_9x9_thin_v,
          minmay_the_grid_triangle_9x9_fully_insulated_deathbox,
          minmay_the_grid_square_5x5_dogpile, minmay_the_grid_octo_clover,
          minmay_the_grid_octo_shrine, minmay_the_grid_octo_odd_swirl,
          minmay_the_grid_octo_pinwheel, minmay_the_grid_octo_fat_diamond,
          minmay_the_grid_octo_chip, minmay_the_grid_octo_concentric,
          minmay_the_grid_octo_thin_diamonds, minmay_the_grid_slots,
          minmay_the_grid_diamond_grid, minmay_the_grid_outer_diamond,
          minmay_the_grid_broken_lines], abyss_entry, hell_entry, uniq_margery
Depths:4: grunt_x_marks_the_spot, layout_cave_pools, minmay_misc_feat_cross,
          pf_dread_powers_of_hell, rand_demon_pan_entry_9
Zot:1:    layout_gridlike, drop_trap
Zot:2:    layout_misc_corridors, uniq_parghit
Zot:3:    layout_misc_corridors
Zot:4:    layout_cathedral_of_symmetry, hangedman_zot_decor_checkerboard
Zot:5:    layout_gridville

Notes
Turn   | Place    | Note
-------+----------+-------------------------------------------
     0 | D:1      | rinqtmith the Minotaur Berserker began the quest for the
                  | Orb.
     0 | D:1      | Reached XP level 1. HP: 19/19 MP: 0/0
     0 | D:1      | magus.rc [v1.11.6]
   209 | D:1      | Reached XP level 2. HP: 26/27 MP: 1/1
   705 | D:2      | Reached skill level 4 in Fighting
   705 | D:2      | Reached skill level 4 in Axes
   705 | D:2      | Reached skill level 3 in Armour
   705 | D:2      | Reached XP level 3. HP: 28/33 MP: 2/2
   854 | D:2      | Reached ** piety under Trog
  1491 | D:3      | Reached skill level 3 in Dodging
  1491 | D:3      | Reached XP level 4. HP: 36/41 MP: 3/3
  1858 | D:3      | Found Kiujebin's Distillery.
  1962 | D:4      | Noticed Sigmund
  1971 | D:4      | Killed Sigmund
  1972 | D:4      | Reached skill level 5 in Fighting
  1972 | D:4      | Reached skill level 5 in Axes
  1972 | D:4      | Reached skill level 4 in Armour
  1972 | D:4      | Reached XP level 5. HP: 48/48 MP: 4/4
  1993 | D:4      | Reached skill level 4 in Dodging
  1993 | D:4      | Reached XP level 6. HP: 35/56 MP: 2/5
  2041 | D:4      | Noticed Natasha
  2046 | D:4      | Killed Natasha
  2076 | D:4      | Noticed Duvessa
  2076 | D:4      | Noticed Dowan
  2077 | D:4      | Found a glowing drain.
  2086 | Sewer    | Entered a sewer
  2301 | D:4      | Killed Duvessa
  2314 | D:4      | Killed Dowan
  2315 | D:4      | Reached skill level 5 in Armour
  2315 | D:4      | Reached XP level 7. HP: 49/61 MP: 4/6
  2375 | D:4      | Noticed Edmund
  2385 | D:4      | Reached skill level 1 in Shields
  2386 | D:4      | Killed Edmund
  2387 | D:4      | Reached skill level 6 in Fighting
  2387 | D:4      | Reached skill level 6 in Axes
  2476 | D:4      | Found a sacrificial altar of Ru.
  2488 | D:4      | Noticed Natasha
  2494 | D:4      | Killed Natasha
  2495 | D:4      | Reached skill level 5 in Dodging
  2513 | D:4      | Reached *** piety under Trog
  2655 | D:4      | Found a runed translucent door.
  2655 | D:4      | Noticed Natasha
  2655 | D:4      | Noticed Crazy Yiuf
  2665 | D:4      | Killed Natasha
  2666 | D:4      | Reached skill level 2 in Shields
  2670 | D:4      | Killed Crazy Yiuf
  2777 | D:5      | Entered Level 5 of the Dungeon
  2858 | D:5      | Identified a scroll of acquirement
  2858 | D:5      | Acquired a +1 pair of boots of flying
  3080 | D:5      | Noticed Menkaure
  3089 | D:5      | Killed Menkaure
  3090 | D:5      | Reached XP level 8. HP: 32/71 MP: 3/7
  3259 | D:5      | Reached skill level 6 in Armour
  3259 | D:5      | Reached skill level 3 in Shields
  3301 | D:5      | Found a glowing golden altar of the Shining One.
  3303 | D:5      | Found a burning altar of Makhleb.
  3387 | D:5      | Reached skill level 7 in Axes
  3624 | D:5      | Noticed Ijyb
  3639 | D:5      | HP: 15/71 [gnoll/+0 halberd[a gnoll bouda] (3)]
  3642 | D:5      | Reached skill level 7 in Fighting
  3648 | D:5      | Killed Ijyb
  3762 | D:6      | Noticed a two-headed ogre
  3762 | D:6      | Found a basalt altar of Yredelemnul.
  3766 | D:6      | Reached skill level 6 in Dodging
  3768 | D:6      | Reached skill level 4 in Shields
  3768 | D:6      | Killed a two-headed ogre
  3769 | D:6      | Reached skill level 7 in Armour
  3769 | D:6      | Reached XP level 9. HP: 80/80 MP: 6/8
  3925 | D:6      | Reached skill level 5 in Shields
  3950 | D:6      | Found an ancient bone altar of Kikubaaqudgha.
  3992 | D:6      | Reached skill level 8 in Axes
  4099 | D:6      | Reached skill level 8 in Fighting
  4124 | D:6      | Reached skill level 7 in Dodging
  4563 | D:7      | Reached **** piety under Trog
  4570 | D:7      | Reached skill level 8 in Armour
  4575 | D:7      | Reached skill level 6 in Shields
  4632 | D:7      | Found a flagged portal.
  4653 | Bailey   | Entered a bailey
  4904 | Bailey   | Reached XP level 10. HP: 90/90 MP: 9/9
  4912 | Bailey   | Found a bloodstained altar of Trog.
  4995 | D:7      | Reached skill level 9 in Axes
  5069 | D:7      | Found a staircase to the Ecumenical Temple.
  5094 | D:7      | Reached skill level 9 in Fighting
  5174 | D:7      | Noticed a gargoyle
  5176 | D:7      | Noticed a two-headed ogre
  5183 | D:7      | Killed a gargoyle
  5184 | D:7      | Reached skill level 8 in Dodging
  5186 | D:7      | Killed a two-headed ogre
  5187 | D:7      | Reached skill level 9 in Armour
  5187 | D:7      | Reached skill level 7 in Shields
  5191 | D:7      | Found the +6 shillelagh "Devastator" {shatter}
  5198 | D:7      | Noticed a two-headed ogre
  5206 | D:7      | Killed a two-headed ogre
  5593 | D:8      | HP: 20/91 [yak (7)]
  6014 | D:8      | Reached skill level 10 in Axes
  6019 | D:8      | Reached skill level 8 in Shields
  6562 | D:9      | Reached skill level 10 in Fighting
  6562 | D:9      | Reached XP level 11. HP: 88/99 MP: 8/10
  6639 | D:9      | Found a staircase to the Orcish Mines.
  6665 | D:9      | Reached skill level 9 in Dodging
  7488 | D:10     | Entered Level 10 of the Dungeon
  7523 | D:10     | Noticed Nergalle
  7534 | D:10     | Killed Nergalle
  7535 | D:10     | Reached skill level 10 in Armour
  7677 | D:10     | Noticed Erolcha
  7694 | D:10     | Killed Erolcha
  7792 | D:10     | Found a staircase to the Lair.
  7933 | D:10     | Reached ***** piety under Trog
  7934 | D:10     | Reached skill level 9 in Shields
  7951 | D:10     | Found Jiesche's Weapon Boutique.
  8102 | D:11     | Found a snail-covered altar of Cheibriados.
  8102 | D:11     | Found Cheibriados's Comfort Zone.
  8113 | D:11     | Bought a +4 crystal plate armour of ponderousness for 770
                  | gold pieces
  8113 | D:11     | C - a +4 crystal plate armour of ponderousness {rare}
  8123 | D:11     | You finish putting on your +4 crystal plate armour of
                  | ponderousness {rare}.
  8135 | D:11     | You are sucked into a shaft and drop 3 floors!
  8136 | D:14     | Noticed a vault guard
  8136 | D:14     | Noticed a vault guard
  8143 | D:14     | Noticed a vault guard
  8143 | D:14     | Killed a vault guard
  8144 | D:14     | Reached skill level 11 in Axes
  8157 | D:14     | Noticed a vault guard
  8159 | D:14     | Killed a vault guard
  8160 | D:14     | Reached skill level 11 in Fighting
  8160 | D:14     | Noticed a vault guard
  8161 | D:14     | Received a gift from Trog
  8166 | D:14     | Reached skill level 10 in Dodging
  8174 | D:14     | HP: 18/102 [vault guard/+0 great mace (18)]
  8184 | D:14     | Killed a vault guard
  8185 | D:14     | Killed a vault guard
  8186 | D:14     | Reached skill level 11 in Armour
  8189 | D:14     | Reached XP level 12. HP: 31/110 MP: 0/11
  8190 | D:14     | Killed a vault guard
  8194 | D:14     | Found a gate to the Vaults.
  8198 | D:14     | d - a +6 antimagic executioner's axe {rare}
  8345 | D:14     | Reached skill level 10 in Shields
  8372 | D:12     | Noticed a two-headed ogre
  8376 | D:12     | Killed a two-headed ogre
  8410 | D:11     | Found a gate leading to a gauntlet.
  8416 | Gauntlet | Entered a Gauntlet
  8416 | Gauntlet | Found a transporter.
  8416 | Gauntlet | Found a transporter.
  8416 | Gauntlet | Found a runed translucent gate.
  8426 | Gauntlet | Noticed a tengu warrior
  8492 | Gauntlet | Found a runed translucent gate.
  8494 | Gauntlet | Found a transporter.
  8516 | Gauntlet | Found a transporter.
  8526 | Gauntlet | Found a transporter.
  8528 | Gauntlet | Found a transporter.
  8540 | Gauntlet | Found a transporter.
  8558 | Gauntlet | Found a transporter.
  8573 | Gauntlet | Found a transporter.
  8576 | Gauntlet | Found a transporter.
  8584 | Gauntlet | Found a transporter.
  8587 | Gauntlet | Found a transporter.
  8589 | Gauntlet | Found a runed translucent gate.
  8785 | Gauntlet | h - a +4 crystal plate armour of ponderousness (worn)
                  | {rare}
  8819 | Gauntlet | Identified the ring "Evvib" {rF+ rC+ Int+6}
  8902 | Gauntlet | Identified the amulet "Peno" {Reflect Dex+4 SH+5}
  8936 | Gauntlet | Noticed a minotaur
  8951 | Gauntlet | Killed a minotaur
  9368 | D:11     | Noticed a boulder beetle
  9382 | D:11     | Killed a boulder beetle
  9383 | D:11     | Reached skill level 12 in Axes
  9623 | D:11     | Reached skill level 12 in Fighting
  9913 | D:11     | Noticed a boulder beetle
  9930 | D:11     | Killed a boulder beetle
 10081 | Lair:1   | Entered Level 1 of the Lair of Beasts
 10218 | Lair:1   | Reached skill level 11 in Dodging
 10220 | Lair:1   | Reached skill level 12 in Armour
 10236 | Lair:1   | Found a white marble altar of Elyvilon.
 10303 | Lair:1   | Reached skill level 11 in Shields
 10578 | Lair:1   | You drop a +6 antimagic executioner's axe {rare}.
 11036 | Lair:2   | Reached XP level 13. HP: 119/119 MP: 12/12
 11822 | Lair:3   | Found a staircase to the Swamp.
 11834 | Lair:3   | Reached skill level 13 in Axes
 11839 | Lair:3   | Found a staircase to the Snake Pit.
 11876 | Lair:3   | Reached skill level 13 in Fighting
 12122 | Lair:3   | Reached skill level 13 in Armour
 12122 | Lair:3   | Reached skill level 12 in Shields
 12127 | Lair:3   | Reached skill level 12 in Dodging
 12671 | Lair:4   | Found a staircase to the Slime Pits.
 12679 | Lair:4   | Found a frozen archway.
 12686 | IceCv    | Entered an ice cave
 12769 | IceCv    | Identified the +10 war axe "Paikuus" {flame, +Blink Int-2
                  | Dex+3} (Trog gifted it to you in an ice cave)
 12769 | IceCv    | Received a gift from Trog
 12982 | IceCv    | Identified a potion of experience
 14116 | Lair:5   | Entered Level 5 of the Lair of Beasts
 14137 | Lair:5   | Received a gift from Trog
 14147 | Lair:5   | Reached XP level 14. HP: 129/130 MP: 13/13
 14332 | Lair:5   | Reached skill level 14 in Axes
 14722 | Lair:5   | Reached skill level 14 in Fighting
 14852 | Lair:5   | Identified the +4 scale mail "Ipamuzex" {+Blink Int+3}
 14900 | Lair:5   | Reached skill level 13 in Shields
 15034 | Lair:5   | Reached skill level 14 in Armour
 15067 | Lair:5   | Reached skill level 13 in Dodging
 15573 | Lair:5   | Reached XP level 15. HP: 139/139 MP: 14/14
 15815 | D:12     | Reached skill level 15 in Axes
 15940 | D:12     | Reached ****** piety under Trog
 16357 | Orc:1    | Entered Level 1 of the Orcish Mines
 16366 | Orc:1    | Received a gift from Trog
 16414 | Orc:1    | Noticed Harold
 16419 | Orc:1    | Reached skill level 15 in Fighting
 16426 | Orc:1    | Reached skill level 14 in Shields
 16427 | Orc:1    | Killed Harold
 16612 | Orc:1    | Found Xivurph's Vocational Training.
 16615 | Orc:1    | You are sucked into a shaft and drop 1 floor!
 16615 | Orc:2    | Entered Level 2 of the Orcish Mines
 16847 | Orc:2    | Noticed Nessos
 16852 | Orc:2    | Killed Nessos
 16853 | Orc:2    | Reached skill level 15 in Armour
 16907 | Orc:2    | Noticed Sonja
 16914 | Orc:2    | Killed Sonja
 16927 | Orc:2    | Noticed Josephine
 16933 | Orc:2    | Killed Josephine
 17098 | Orc:1    | Noticed a walking divine tome
 17099 | Orc:1    | Found Asyagixa's Book Shop.
 17117 | Orc:1    | Noticed a walking divine tome
 17145 | Orc:1    | Received a gift from Trog
 17463 | Orc:2    | Reached XP level 16. HP: 149/149 MP: 15/15
 17580 | Orc:2    | Noticed Snorg
 17591 | Orc:2    | Killed Snorg
 17592 | Orc:2    | Reached skill level 14 in Dodging
 17814 | Orc:2    | Found Ygheqimy's Antique Weapon Emporium.
 17814 | Orc:2    | Found Cyumofa's Magic Scroll Boutique.
 18059 | Orc:2    | Bought a scroll of enchant armour for 120 gold pieces
 18059 | Orc:2    | Bought a scroll of enchant armour for 120 gold pieces
 18059 | Orc:2    | Bought a scroll of enchant armour for 120 gold pieces
 18059 | Orc:2    | your +4 crystal plate armour of ponderousness {rare} glows
                  | green for a moment.
 18060 | Orc:2    | your +5 crystal plate armour of ponderousness {rare} glows
                  | green for a moment.
 18061 | Orc:2    | your +6 crystal plate armour of ponderousness {rare} glows
                  | green for a moment.
 18131 | Orc:2    | Found Xafan's Firing Range.
 18228 | Orc:2    | Found Ramut's Assorted Antiques.
 18279 | Orc:2    | Bought a scroll of enchant weapon for 135 gold pieces
 18284 | Orc:2    | Found Nifenn's Antique Armour Boutique.
 18293 | Orc:2    | Received a gift from Trog
 18593 | Orc:2    | Found a staircase to the Elven Halls.
 18738 | D:13     | Found a runed translucent door.
 18738 | D:13     | Noticed a storm dragon
 19926 | D:14     | Reached skill level 16 in Axes
 20042 | D:14     | Noticed Louise
 20048 | D:14     | Killed Louise
 20049 | D:14     | Reached skill level 15 in Shields
 20492 | D:15     | Entered Level 15 of the Dungeon
 20518 | D:15     | Reached skill level 16 in Fighting
 20752 | D:15     | Found a staircase to the Depths.
 21029 | D:15     | Found a portal to a secret trove of treasure.
 21038 | D:15     | This trove needs 18 potions of curing to function. Give it
                  | the items?
 21201 | D:15     | Reached skill level 16 in Armour
 21525 | Snake:1  | Entered Level 1 of the Snake Pit
 21670 | Snake:1  | Reached skill level 15 in Dodging
 21670 | Snake:1  | Reached XP level 17. HP: 159/159 MP: 16/16
 21863 | Snake:1  | Found Ogrif's Jewellery Shop.
 21865 | Snake:1  | Received a gift from Trog
 21997 | Snake:1  | Found Liuba's Book Shoppe.
 21998 | Snake:1  | Found Dyryal Osi's Jewellery Shop.
 22008 | Snake:1  | Bought a ring of poison resistance for 300 gold pieces
 22141 | Snake:1  | Found Wuruh's Book Shop.
 22367 | Snake:2  | Found a shadowy altar of Dithmenos.
 22446 | Snake:2  | Found Fiavyjot's Book Shop.
 23638 | Snake:3  | Reached skill level 16 in Shields
 23641 | Snake:3  | Reached skill level 17 in Axes
 23656 | Snake:3  | Reached XP level 18. HP: 127/168 MP: 17/17
 23858 | Snake:3  | Reached skill level 17 in Fighting
 24083 | Snake:3  | Noticed Bai Suzhen
 24094 | Snake:3  | Killed Bai Suzhen
 24097 | Snake:3  | Received a gift from Trog
 24449 | Snake:3  | Reached skill level 17 in Armour
 25189 | Swamp:1  | Entered Level 1 of the Swamp
 25202 | Swamp:1  | Noticed Donald
 25215 | Swamp:1  | Noticed Mlioglotl
 25220 | Swamp:1  | HP: 55/255 [spriggan rider/+0 spear (15)]
 25221 | Swamp:1  | Killed Donald
 25222 | Swamp:1  | Reached skill level 16 in Dodging
 25225 | Lair:3   | HP: 44/255 [swamp dragon (2)]
 25467 | Swamp:1  | Noticed a bone dragon
 25471 | Swamp:1  | Killed Mlioglotl
 26483 | Swamp:2  | Noticed Roxanne
 26493 | Swamp:2  | Killed Roxanne
 26813 | Swamp:3  | Reached skill level 18 in Axes
 26874 | Swamp:3  | Received a gift from Trog
 27126 | Swamp:3  | Reached skill level 18 in Fighting
 27332 | Swamp:4  | Entered Level 4 of the Swamp
 27373 | Swamp:4  | Noticed Aizul
 27391 | Swamp:4  | Killed Aizul
 27680 | Swamp:4  | Reached skill level 18 in Armour
 27767 | Swamp:4  | Noticed the 27-headed Lernaean hydra
 27778 | Swamp:4  | Killed the 23-headed Lernaean hydra
 28007 | Swamp:4  | Reached skill level 17 in Dodging
 28055 | Swamp:4  | Got a decaying rune of Zot
 28307 | Swamp:4  | Noticed a tentacled monstrosity
 28316 | Swamp:4  | Killed a tentacled monstrosity
 28317 | Swamp:4  | Reached XP level 19. HP: 156/181 MP: 18/18
 28658 | Snake:4  | Entered Level 4 of the Snake Pit
 29261 | Snake:4  | Reached skill level 19 in Fighting
 29282 | Snake:4  | Reached skill level 19 in Armour
 29311 | Snake:4  | Received a gift from Trog
 29999 | Snake:4  | Got a serpentine rune of Zot
 30211 | Snake:4  | magus.rc [v1.11.6]
 30487 | Elf:1    | Entered Level 1 of the Elven Halls
 30496 | Elf:1    | Reached skill level 18 in Dodging
 30607 | Elf:1    | Found Busanant's Book Emporium.
 30609 | Elf:1    | Found Ufra's Armour Shoppe.
 30611 | Elf:1    | Found Eloddiul's Antique Weapon Emporium.
 30678 | Elf:1    | Reached skill level 1 in Throwing
 30696 | Elf:1    | Paralysed by an air elemental for 1 turns
 30699 | Elf:1    | Paralysed by an air elemental for 1 turns
 31178 | Elf:1    | Received a gift from Trog
 31179 | Elf:1    | Reached skill level 2 in Throwing
 31623 | Elf:1    | Paralysed by an air elemental for 1 turns
 31629 | Elf:1    | You are cast into the Abyss!
 31629 | Abyss:3  | Cast into level 3 of the Abyss (+0 halberd of distortion)
 31630 | Abyss:3  | Reached skill level 3 in Throwing
 31673 | Elf:1    | You pass through the gate.
 31673 | Elf:1    | Escaped the Abyss
 31683 | Elf:1    | Reached skill level 20 in Fighting
 32507 | Elf:2    | Received a gift from Trog
 32641 | Elf:2    | Reached skill level 4 in Throwing
 32662 | Elf:2    | Reached skill level 20 in Armour
 32925 | Elf:2    | Reached XP level 20. HP: 138/193 MP: 19/19
 33075 | Elf:2    | Found a runed translucent door.
 33076 | Elf:2    | Noticed senseless's ghost (journeyman MiFi)
 33118 | Elf:2    | Killed senseless's ghost
 33254 | Elf:2    | Found a runed translucent gate.
 33254 | Elf:2    | Found a runed translucent gate.
 33255 | Elf:2    | Found a runed translucent gate.
 33679 | Elf:2    | Reached skill level 5 in Throwing
 33681 | Elf:2    | Received a gift from Trog
 34118 | Elf:3    | Entered Level 3 of the Elven Halls
 34133 | Elf:3    | Found a flickering gateway to a bazaar.
 34143 | Bazaar   | Entered a bazaar
 34143 | Bazaar   | Found Cugikun's Antique Armour Boutique.
 34143 | Bazaar   | Found Iphulea's Assorted Antiques.
 34143 | Bazaar   | Found Depn's Armour Shop.
 34143 | Bazaar   | Found Siqug's Armour Boutique.
 34154 | Bazaar   | Bought a scroll of brand weapon for 190 gold pieces
 35108 | Vaults:1 | Entered Level 1 of the Vaults
 35127 | Vaults:1 | HP: 37/195 [ironbound frostheart/creeping frost (14)]
 35133 | Vaults:1 | HP: 45/195 [ironbound thunderhulk/bolt of lightning (15)]
 35134 | Vaults:1 | Reached skill level 19 in Dodging
 35138 | Vaults:1 | Reached skill level 6 in Throwing
 35138 | Vaults:1 | HP: 25/195 [ironbound thunderhulk/bolt of lightning (5)]
 35651 | Vaults:1 | Received a gift from Trog
 35723 | Vaults:1 | Reached skill level 21 in Fighting
 35729 | Vaults:1 | Reached skill level 7 in Throwing
 35791 | Vaults:1 | Identified the +8 quarterstaff of the Endless March {heavy,
                  | *Noise rElec rPois SInv}
 36034 | Vaults:1 | Found Dadd's Jewellery Shoppe.
 36557 | Vaults:2 | Found Kedai's Armour Shoppe.
 36693 | Vaults:2 | Reached skill level 21 in Armour
 36729 | Vaults:2 | a +0 eveningstar {rare}; a +1 war axe of electrocution
 36743 | Vaults:2 | Found a staircase to the Crypt.
 36890 | Vaults:2 | a +0 eveningstar {rare}; a +1 war axe of electrocution
 36931 | Vaults:2 | Paralysed by a great orb of eyes for 5 turns
 37052 | Vaults:2 | Reached skill level 8 in Throwing
 37090 | Vaults:2 | Reached XP level 21. HP: 104/205 MP: 20/20
 37300 | Vaults:2 | Received a gift from Trog
 37471 | Vaults:2 | Noticed Wuemn's ghost (adept MiFi)
 37475 | Vaults:2 | Found a transporter.
 37478 | Vaults:2 | Found a transporter.
 37847 | Vaults:2 | Identified the +2 chain mail of the Old World {Fly Slay+2}
 38198 | Vaults:2 | Reached skill level 20 in Dodging
 38451 | Vaults:2 | Received a gift from Trog
 38452 | Vaults:2 | Reached skill level 9 in Throwing
 38472 | Vaults:2 | Killed Wuemn's ghost
 38656 | Vaults:3 | Found a crumbling gateway.
 38661 | Desolati | Entered the Desolation of Salt
 38699 | Desolati | Reached skill level 22 in Fighting
 38718 | Desolati | Identified the +1 long sword "Diutuigu" {flame, rN+ Str+4}
 38752 | Desolati | Found the +1 robe of Vines {NoPotionHeal Regen++++}
 38760 | Desolati | Identified the +4 quarterstaff of Unpleasantness {elec,
                  | rElec rF- rN+ Str+2}
 38763 | Desolati | Identified the +0 leather armour of the Stag {-Cast Harm
                  | rElec Regen+}
 39061 | Desolati | Reached skill level 22 in Armour
 39064 | Desolati | Received a gift from Trog
 39417 | Vaults:3 | Reached skill level 10 in Throwing
 39937 | Vaults:3 | Reached XP level 22. HP: 210/217 MP: 21/21
 40521 | Vaults:4 | Reached skill level 21 in Dodging
 40525 | Vaults:4 | Reached skill level 11 in Throwing
 40609 | Vaults:4 | Found Yqebb's Jewellery Shoppe.
 40937 | Orc:2    | Bought runed gold dragon scales for 2739 gold pieces
 40937 | Orc:2    | Identified +1 gold dragon scales (You bought it in a shop
                  | on level 2 of the Orcish Mines)
 40937 | Orc:2    | u - +1 gold dragon scales {rare}
 40942 | Orc:2    | You finish taking off your +7 crystal plate armour of
                  | ponderousness {rare}.
 40947 | Orc:2    | You finish putting on your +1 gold dragon scales {rare}.
 40950 | Orc:2    | your +1 gold dragon scales {rare} glow green for a moment.
 40951 | Orc:2    | your +2 gold dragon scales {rare} glow green for a moment.
 41541 | D:15     | This trove needs 18 potions of curing to function. Give it
                  | the items?
 41541 | D:15     | You paid a toll of 18 potions of curing to enter a treasure
                  | trove
 41542 | Trove    | Entered a treasure trove
 41578 | Trove    | Identified the ring "Awynweu" {Ice rElec Str+2 Dex+3}
 41594 | Trove    | Identified the ring of Dinlili {Fire rElec rN+}
 41612 | Trove    | Identified the +2 pair of gloves of Crawling {rF- rC++
                  | Int+3}
 41615 | Trove    | Identified the ring of Awaecza {rC+ Slay+3 SInv}
 42081 | Vaults:4 | Reached skill level 23 in Fighting
 42485 | Vaults:4 | Received a gift from Trog
 42678 | Vaults:4 | Reached skill level 23 in Armour
 42681 | Vaults:4 | Reached skill level 12 in Throwing
 43819 | Elf:3    | HP: 50/220 [deep elf high priest/damnation (29)]
 43830 | Elf:3    | HP: 52/220 [deep elf blademaster/+0 quick blade (12)]
 43857 | Elf:3    | HP: 45/220 [deep elf master archer/arrow (22)]
 44199 | Elf:3    | Identified the amulet of Nuonysua {Reflect rF- rC+ MP+9
                  | SH+5 SInv}
 44290 | Elf:3    | Identified the +0 plate armour of Coem {Regen+}
 44298 | Elf:3    | Received a gift from Trog
 44327 | Elf:3    | Identified the +8 short sword of Xisacrum {antimagic, rElec
                  | Will- Str+3 Int+8}
 44362 | Elf:3    | Identified the staff "Zoril" {rF+ rC+ Dex+3 Ice}
 44366 | Elf:3    | Identified the +2 scale mail "Gegg" {rF- Dex+3 SInv}
 44430 | Elf:3    | Reached skill level 13 in Throwing
 44901 | Depths:1 | Entered Level 1 of the Depths
 44925 | Depths:1 | HP: 52/221 [iron troll (13)]
 44927 | Depths:1 | HP: 22/221 [iron troll (27)]
 45413 | Depths:1 | Found a gateway to Hell.
 45469 | Depths:1 | Found Itoadergh's One-of-a-Kind Rings.
 45722 | Depths:1 | Found The Oracle's Delphic Readings.
 45740 | Depths:1 | Reached XP level 23. HP: 192/228 MP: 22/22
 46002 | Depths:1 | Found a glowing golden altar of the Shining One.
 46106 | Depths:2 | Reached skill level 14 in Throwing
 46109 | Depths:2 | Reached skill level 22 in Dodging
 46112 | Depths:2 | Received a gift from Trog
 46356 | Depths:2 | Identified the ring "Irovat" {rF+ rC++ Will+ MP+9}
 46592 | Depths:2 | Found a one-way gate leading to the halls of Pandemonium.
 46688 | Depths:2 | Reached skill level 24 in Fighting
 46931 | Depths:2 | Noticed a juggernaut
 46937 | Depths:2 | Killed a juggernaut
 47200 | Depths:2 | Noticed a juggernaut
 47205 | Depths:2 | Killed a juggernaut
 47206 | Depths:2 | Reached skill level 15 in Throwing
 47206 | Depths:2 | Reached skill level 24 in Armour
 47534 | Depths:3 | Received a gift from Trog
 47548 | Depths:3 | HP: 57/231 [spark wasp (13)]
 47548 | Depths:3 | HP: 27/231 [spark wasp/living lightning (17)]
 47581 | Depths:3 | HP: 44/231 [tengu reaver/bolt of lightning (28)]
 47581 | Depths:3 | HP: 15/231 [titan/bolt of lightning (29)]
 47591 | Depths:3 | HP: 24/231 [tengu reaver/bolt of cold (4)]
 47597 | Depths:3 | HP: 26/231 [tengu warrior/+2 great sword (7)]
 47603 | Depths:3 | HP: 26/231 [ice dragon/blast of cold (8)]
 47611 | Depths:3 | HP: 25/231 [ice dragon/blast of cold (5)]
 48400 | Depths:3 | f - quicksilver dragon scales {rare}
 48404 | Depths:3 | You drop quicksilver dragon scales {rare}.
 48555 | Depths:3 | your +3 gold dragon scales {rare} glow green for a moment.
 48576 | Depths:3 | Identified +0 gold dragon scales
 48578 | Depths:3 | Reached skill level 16 in Throwing
 48578 | Depths:3 | Noticed a juggernaut
 48588 | Depths:3 | Killed a juggernaut
 48598 | Depths:3 | HP: 39/220 [tengu reaver/bolt of lightning (37)]
 48606 | Depths:3 | Identified the +8 long sword "Ofovuo" {speed, rCorr Str+2}
 48607 | Depths:3 | Paralysed by a sphinx for 4 turns
 48612 | Depths:3 | HP: 79/333 [hell knight/the +8 long sword "Ofovuo" {speed,
                  | rCorr Str+2} (22)]
 48910 | Depths:3 | Identified the ring of Fafraid {AC+4 Int+4}
 49022 | Depths:3 | Found an ornate altar of the Wu Jian Council.
 49028 | Depths:3 | Found a shimmering altar of Xom.
 49028 | Depths:3 | Found a broken altar of Ashenzari.
 49028 | Depths:3 | Found a blossoming altar of Fedhas.
 49037 | Depths:3 | Found a blossoming altar of Fedhas.
 49210 | Depths:3 | Found a one-way gate to the infinite horrors of the Abyss.
 49265 | Depths:3 | Reached skill level 23 in Dodging
 49274 | Depths:3 | Identified the +7 falchion of Benevolence {heavy, Dex+4
                  | Stlth+} (Trog gifted it to you on level 3 of the Depths)
 49274 | Depths:3 | Received a gift from Trog
 49282 | Depths:3 | Reached XP level 24. HP: 116/238 MP: 22/22
 49284 | Depths:3 | HP: 57/238 [vampire knight/+3 war axe (5)]
 49286 | Depths:3 | HP: 24/238 [vampire knight/vampiric draining (12)]
 49291 | Depths:3 | HP: 27/240 [ettin/+0 dire flail (13)]
 49294 | Depths:3 | HP: 9/240 [vampire knight/vampiric draining (20)]
 49295 | Depths:3 | Noticed Margery
 49308 | Depths:3 | Reached skill level 25 in Fighting
 49354 | Depths:3 | HP: 46/242 [ice dragon/blast of cold (10)]
 49364 | Depths:3 | HP: 59/242 [frost giant/bolt of cold (8)]
 49429 | Depths:3 | Noticed a caustic shrike
 49438 | Depths:3 | Killed a caustic shrike
 49476 | Depths:3 | HP: 48/242 [living spell/divine providence[a walking divine
                  | tome] (16)]
 50028 | Depths:3 | Identified +0 gold dragon scales
 50029 | Depths:3 | Reached skill level 25 in Armour
 50030 | Depths:3 | +0 gold dragon scales {rare}; a golden dragon corpse
 50076 | Depths:3 | +0 gold dragon scales {rare}; a golden dragon corpse
 50636 | Depths:3 | Noticed a juggernaut
 50648 | Depths:3 | Killed a juggernaut
 50837 | Depths:3 | Acquired 832 gold pieces
 50934 | Depths:3 | Found a runed translucent door.
 50950 | Depths:3 | Found a runed translucent door.
 50960 | Depths:3 | Found a runed translucent door.
 51005 | Depths:3 | Found a one-way gateway to a ziggurat.
 51281 | Depths:3 | Received a gift from Trog
 51286 | Depths:3 | Killed Margery
 51428 | Depths:3 | Identified the +3 falchion of Dofik {protect, *Noise rElec
                  | rN+}
 51649 | Depths:3 | You finish taking off your +4 gold dragon scales {rare}.
 51654 | Depths:3 | You finish putting on your +7 crystal plate armour of
                  | ponderousness {rare}.
 51659 | Depths:3 | You finish taking off your +7 crystal plate armour of
                  | ponderousness {rare}.
 51664 | Depths:3 | You finish putting on your +4 gold dragon scales {rare}.
 51696 | Depths:4 | Entered Level 4 of the Depths
 51699 | Depths:4 | Paralysed by a floating eye for 4 turns
 52485 | Depths:4 | Reached skill level 26 in Fighting
 52495 | Depths:4 | Reached skill level 24 in Dodging
 52773 | Depths:4 | Found the amulet of the Air {Inacc Air Fly rElec RMsl}
 53023 | Depths:4 | Found a gate to the Realm of Zot.
 53255 | Depths:4 | your +4 gold dragon scales {rare} glow green for a moment.
 53395 | Depths:4 | You finish taking off your +5 gold dragon scales {rare}.
 53400 | Depths:4 | You finish putting on your +7 crystal plate armour of
                  | ponderousness {rare}.
 53689 | Vaults:5 | Entered Level 5 of the Vaults
 53695 | Vaults:5 | Reached skill level 26 in Armour
 53697 | Vaults:5 | Received a gift from Trog
 53727 | Vaults:4 | Reached XP level 25. HP: 128/255 MP: 22/22
 54445 | Vaults:5 | Noticed a dread lich
 54452 | Vaults:5 | HP: 46/255 [???[a dread lich] (43)]
 55132 | Vaults:4 | Found Yqebb's Jewellery Shoppe.
 55594 | Vaults:4 | Killed a dread lich
 56306 | Vaults:5 | Identified the staff of Ravage {rElec rF+ Air}
 56313 | Vaults:5 | Got a silver rune of Zot
 57055 | Vaults:5 | Identified the +1 robe "Mutekit" {Fly rCorr Int+2 Dex-2}
 57055 | Vaults:5 | The deep elf sorcerer is wielding the +7 sceptre of Torment
                  | {pain, torment} and wearing the +1 robe "Mutekit" {Fly
                  | rCorr Int+2 Dex-2}.
 57060 | Vaults:5 | HP: 59/254 [deep elf sorcerer/sceptre of Torment (57)]
 57424 | Vaults:5 | your +5 gold dragon scales {rare} glow green for a moment.
 57425 | Vaults:5 | Identified the staff of Quantum Leap {rElec rPois rCorr
                  | Dex+3 Conj}
 57461 | Vaults:5 | Identified the amulet "Qommam" {Acrobat +Blink rC++ Dex-2}
 57668 | Vaults:5 | Reached skill level 27 in Fighting
 58012 | Zot:1    | Entered Level 1 of the Realm of Zot
 58108 | Zot:1    | Noticed an electric golem
 58115 | Zot:1    | Reached skill level 25 in Dodging
 58125 | Zot:1    | Killed an electric golem
 58189 | Zot:1    | Reached skill level 27 in Armour
 58214 | Zot:1    | HP: 48/257 [purple draconian shifter/bolt of dispelling
                  | energy[a red draconian scorcher] (42)]
 58604 | Zot:1    | Received a gift from Trog
 59085 | Zot:1    | Identified the +3 scale mail "Orghatuh" {+Inv rElec Int+5}
 59463 | Zot:1    | Noticed an electric golem
 59466 | Zot:1    | Reached skill level 26 in Dodging
 59480 | Zot:1    | Killed an electric golem
 60286 | Zot:1    | HP: 63/257 [poisoned by a green draconian monk]
 60291 | Zot:1    | HP: 44/257 [poisoned by a green draconian monk]
 60296 | Zot:1    | HP: 41/257 [poisoned by a green draconian monk]
 60919 | Zot:2    | Identified +9 gold dragon scales
 60919 | Zot:2    | Noticed Parghit
 60945 | Zot:2    | Killed Parghit
 60948 | Zot:2    | 4 large rocks {=f}; +9 gold dragon scales {rare}
 60948 | Zot:2    | n - +9 gold dragon scales {rare}
 60949 | Zot:2    | You drop +6 gold dragon scales {rare}.
 60955 | Zot:2    | You finish taking off your +7 crystal plate armour of
                  | ponderousness {rare}.
 60960 | Zot:2    | You finish putting on your +9 gold dragon scales {rare}.
 61121 | Zot:2    | Identified the +10 plate armour "Otogiun" {rF+ Int+4}
 61373 | Zot:3    | Reached skill level 27 in Dodging
 61376 | Zot:3    | Reached skill level 1 in Evocations
 61377 | Zot:3    | Reached XP level 26. HP: 179/266 MP: 22/22
 61378 | Zot:3    | quicksilver dragon scales {rare}; a quicksilver dragon
                  | corpse
 61393 | Zot:3    | Reached skill level 2 in Evocations
 61461 | Zot:3    | Received a gift from Trog
 61489 | Zot:3    | Reached skill level 3 in Evocations
 61520 | Zot:3    | Reached skill level 4 in Evocations
 61718 | Zot:3    | Reached skill level 5 in Evocations
 61993 | Zot:3    | Reached skill level 6 in Evocations
 62094 | Zot:3    | Acquired the scarf of Springtime {rC+ rF+, rN+}
 62321 | Zot:4    | Reached skill level 7 in Evocations
 62337 | Zot:4    | Acquired the +0 pair of gloves "Qiter" {rF+ rC+}
 63028 | Zot:4    | +0 storm dragon scales {rare}; a storm dragon corpse
 63232 | Zot:4    | Identified the amulet "Ypiyq" {Faith Contam +Inv Str+8
                  | Stlth+}
 63443 | Zot:4    | Reached skill level 8 in Evocations
 63495 | Zot:4    | Received a gift from Trog
 64262 | Zot:5    | Entered Level 5 of the Realm of Zot
 64408 | Zot:5    | Reached skill level 9 in Evocations
 64918 | Zot:5    | Reached skill level 10 in Evocations
 64934 | Zot:5    | Noticed a dread lich
 64952 | Zot:5    | Killed a dread lich
 64979 | Zot:5    | Noticed an ancient lich
 64995 | Zot:5    | Noticed an ancient lich
 65002 | Zot:5    | Killed an ancient lich
 65007 | Zot:5    | Killed an ancient lich
 65008 | Zot:5    | Reached skill level 11 in Evocations
 65037 | Zot:5    | Noticed an orb of fire
 65051 | Zot:5    | Gained mutation: You occasionally shout uncontrollably at
                  | your foes. [an orb of fire]
 65054 | Zot:5    | Killed an orb of fire
 65069 | Zot:5    | Reached skill level 12 in Evocations
 65293 | Zot:5    | Lost mutation: You occasionally shout uncontrollably at
                  | your foes. [potion of mutation]
 65293 | Zot:5    | Gained mutation: You expend magic power (3 MP) to
                  | strengthen your wands. [potion of mutation]
 65293 | Zot:5    | Gained mutation: You have an increased reservoir of magic.
                  | (+10% MP) [potion of mutation]
 65323 | Zot:5    | Lost intelligence.
 65328 | Zot:5    | Noticed a dread lich
 65330 | Zot:5    | Noticed a dread lich
 65338 | Zot:5    | Noticed an orb of fire
 65346 | Zot:5    | HP: 52/266 [???[a dread lich] (40)]
 65349 | Zot:5    | Gained mutation: Your body sometimes deteriorates upon
                  | taking damage. [an orb of fire]
 65351 | Zot:5    | HP: 23/266 [???[a dread lich] (17)]
 65354 | Zot:5    | Lost mutation: You have an increased reservoir of magic.
                  | (+10% MP) [an orb of fire]
 65354 | Zot:5    | Gained mutation: Armour fits poorly on your strangely
                  | shaped body. [an orb of fire]
 65355 | Zot:5    | HP: 10/266 [orb of fire/fireball (12)]
 65357 | Zot:5    | HP: 2/266 [orb of fire/fireball (11)]
 65357 | Zot:5    | Killed from afar by an orb of fire

Vanquished Creatures
  2 ancient liches (Zot:5)
  2 dread liches
  An orb of fire (Zot:5)
  4 juggernauts
  the Lernaean hydra (Swamp:4)
  6 Killer Klowns (Zot:5)
  Bai Suzhen (Snake:3)
  A caustic shrike (Depths:3)
  8 golden dragons
  The ghost of Wuemn the Axe Maniac, an adept MiFi of Makhleb (Vaults:2)
  A bone dragon (Depths:4)
  2 electric golems (Zot:1)
  3 walking crystal tomes
  6 liches
  13 quicksilver dragons
  7 titans
  19 tentacled monstrosities
  10 Orb Guardians (Zot:5)
  A deep elf master archer (Elf:3)
  3 walking divine tomes
  3 deep elf blademasters (Elf:3)
  A walking frostbound tome (Depths:3)
  9 death cobs
  2 thorn hunters
  6 sphinxes
  8 storm dragons
  6 draconian monks
  8 nagarajas
  9 shadow dragons
  Roxanne (Swamp:2)
  Aizul (Swamp:4)
  11 tengu reavers
  10 deep elf sorcerers
  The ghost of senseless the Severer, a journeyman MiFi of Okawaru (Elf:2)
  12 fire giants
  3 balrugs
  6 draconian scorchers
  4 draconian knights
  21 vault wardens
  6 orc warlords
  6 draconian shifters
  2 iron dragons
  Louise (D:14)
  16 frost giants
  24 ironbound preservers
  3 spriggan defenders (Depths:3)
  3 deep elf elementalists (Elf:3)
  A ghost moth (Zot:3)
  A war gargoyle (Vaults:2)
  3 draconian stormcallers (Zot:1)
  31 stone giants
  7 ironbound thunderhulks
  9 very ugly things
  7 draconian annihilators
  5 formless jellyfish
  9 vampire knights
  8 black draconians
  16 dire elephants
  5 deep elf demonologists
  8 green draconians
  2 deep elf annihilators (Elf:3)
  5 bunyips
  Nessos (Orc:2)
  5 eleionomae
  11 red draconians
  A minotaur (Gauntlet)
  A halazid warlock (Desolation)
  5 purple draconians
  5 spark wasps
  Snorg (Orc:2)
  8 white draconians
  10 yellow draconians
  3 deep elf death magi
  A green death (Depths:4)
  7 crystal guardians
  15 ettins
  11 fire dragons
  A merfolk impaler (Depths:1)
  Josephine (Orc:2)
  8 yaktaur captains
  6 great orbs of eyes
  5 ragged hierophants (Desolation)
  36 vault guards
  6 deep elf high priests
  4 servants of whispers (Desolation)
  6 rakshasas
  25 hydras
  Erolcha (D:10)
  3 entropy weavers
  4 salamander tyrants (Snake:4)
  6 peacekeepers
  6 ice dragons
  3 ghost crabs
  Harold (Orc:1)
  An ice dragon (shapeshifter) (Vaults:4)
  9 centaur warriors
  3 spriggan air magi
  3 ogre magi
  10 anacondas
  5 two-headed ogres
  16 ironbound frosthearts
  2 catoblepae
  13 boulder beetles
  A two-headed ogre (shapeshifter) (Vaults:5)
  13 deep troll shamans
  6 tengu warriors
  9 naga warriors
  11 naga sharpshooters
  25 dancing weapons
  3 alligators
  4 vampire magi (Depths:3)
  2 spriggan berserkers
  8 deep troll earth magi
  A shock serpent (shapeshifter) (Depths:3)
  19 hell knights
  17 deep elf knights
  5 shock serpents
  8 orc high priests (Orc:2)
  2 sun demons
  Nergalle (D:10)
  Sonja (Orc:2)
  8 iron trolls
  3 salamander mystics (Snake:4)
  2 skysharks (shapeshifter)
  2 goliath frogs
  7 skeletal warriors (Vaults:2)
  A deep troll (shapeshifter) (Vaults:5)
  A spriggan druid (Swamp:3)
  A death drake (shapeshifter) (Depths:3)
  10 swamp dragons
  58 deep trolls
  4 bog bodies
  7 glowing orange brains
  12 wizards
  14 deep elf archers
  3 flayed ghosts
  An orange crystal statue (Zot:5)
  3 phantasmal warriors
  7 naga ritualists
  23 deep elf pyromancers
  32 deep elf zephyrmancers
  19 ironbound convokers
  11 lindwurms
  2 necromancers
  17 orc knights
  12 mana vipers
  A salamander (shapeshifter) (Depths:3)
  A wolf spider (D:15)
  A wolf spider (shapeshifter) (Depths:2)
  6 salamanders
  A tengu skeleton (Vaults:2)
  27 ugly things
  2 orc sorcerers
  3 cyclopes
  4 manticores
  3 will-o-the-wisps
  14 elephants
  31 moths of wrath
  A stone giant skeleton (Vaults:2)
  28 black mambas
  5 guardian serpents
  10 naga magi
  An ice statue (IceCv)
  24 vault sentinels
  A cane toad (shapeshifter) (D:14)
  A rust devil (Depths:2)
  A molten gargoyle (Desolation)
  5 cane toads
  3 gargoyles
  8 human skeletons (Vaults:2)
  5 komodo dragons
  2 kobold demonologists (D:10)
  An efreet (D:15)
  A freezing wraith (IceCv)
  A komodo dragon (shapeshifter) (Elf:1)
  A tengu conjurer (D:14)
  An ice devil (Depths:2)
  18 yaktaurs
  2 rime drakes (Lair:4)
  A queen bee (Gauntlet)
  9 trolls
  9 polar bears (Lair:5)
  3 meliai (D:13)
  A red devil (Depths:2)
  10 tyrant leeches
  A tarantella (Vaults:2)
  5 hornets
  31 saltlings (Desolation)
  23 blink frogs
  3 raiju (Lair:5)
  A dream sheep (shapeshifter) (Vaults:5)
  A jumping spider (shapeshifter) (Elf:1)
  A large abomination (Abyss:3)
  A jumping spider (Vaults:2)
  31 slime creatures
  3 centaur simulacra
  A vampire (D:10)
  8 water elementals
  Sigmund (D:4)
  8 spriggans
  2 ynoxinuls (Depths:4)
  A culicivora (Vaults:4)
  2 air elementals (Elf:1)
  5 fire elementals
  7 humans (D:14)
  50 yaks
  8 wraiths
  2 death yak simulacra (IceCv)
  4 wyverns
  15 wargs
  2 steam dragons (Lair:5)
  5 basilisks
  A chaos spawn (Depths:4)
  An elf skeleton (Vaults:2)
  18 vampire mosquitoes
  5 redbacks
  14 swamp worms
  56 nagas
  Menkaure (D:5)
  A harpy simulacrum (IceCv)
  Edmund (D:4)
  12 hell hounds (Lair:5)
  Duvessa (D:4)
  5 acid dragons
  2 floating eyes
  22 water moccasins
  2 hydra simulacra
  A meliai simulacrum (Gauntlet)
  40 orc warriors
  An ice beast (D:6)
  9 swamp drakes
  2 sky beasts
  16 black bears
  4 ogres
  3 boggarts (D:13)
  31 wolves
  A phantom (D:7)
  A centaur (D:9)
  10 kobold brigands
  7 bullfrogs
  A scorpion (D:5)
  2 cane toad simulacra (IceCv)
  6 earth elementals
  7 two-headed ogre simulacra (IceCv)
  9 wights
  Dowan (D:4)
  6 killer bees
  3 elephant simulacra (IceCv)
  4 howler monkeys
  2 gnoll boudas (D:5)
  36 orc priests
  3 hounds
  A jelly (D:7)
  Crazy Yiuf (D:4)
  Ijyb (D:5)
  2 sleepcaps (D:4)
  7 iguanas
  Natasha (thrice) (D:4)
  26 orc wizards
  8 hell rats
  3 spriggan simulacra (IceCv)
  3 polar bear simulacra (IceCv)
  5 troll simulacra (IceCv)
  3 wolf simulacra (IceCv)
  22 gnolls
  8 adders
  5 naga simulacra (IceCv)
  2 river rats (Sewer)
  A shadow imp (D:5)
  6 white imps
  4 ufetubi (IceCv)
  A worm (D:2)
  3 dart slugs
  88 orcs
  13 ball pythons
  4 endoplasms
  7 giant cockroaches
  8 goblins
  2 hobgoblins (D:1)
  3 quokkas
  4 frilled lizards
  41 kobolds
  5 rats
2164 creatures vanquished.

Vanquished Creatures (collateral kills)
  Margery (Depths:3)
  Parghit (Zot:2)
  A tentacled monstrosity (Depths:3)
  Mlioglotl (Swamp:1)
  A walking divine tome (Depths:3)
  A death cob (Zot:3)
  A fire giant (Vaults:2)
  Donald (Swamp:1)
  A tengu reaver (Vaults:2)
  A draconian monk (Zot:3)
  A vault warden (Vaults:1)
  A frost giant (Depths:3)
  A draconian shifter (Zot:2)
  2 orc warlords
  A draconian annihilator (Zot:3)
  An ironbound thunderhulk (Vaults:1)
  A yellow draconian (Zot:2)
  A dire elephant (Vaults:3)
  A black draconian (Zot:3)
  An entropy weaver (Vaults:1)
  An ice dragon (Depths:3)
  2 vault guards
  2 naga sharpshooters (Snake:3)
  A spriggan (Swamp:1)
  A salamander mystic (Snake:4)
  A goliath frog (Swamp:1)
  A naga ritualist (Snake:4)
  A swamp dragon (Swamp:4)
  A lindwurm (Vaults:1)
  A mana viper (Snake:4)
  A deep elf zephyrmancer (Elf:3)
  An orc knight (Orc:2)
  A black mamba (Snake:3)
  A naga mage (Snake:4)
  A troll (Orc:2)
  3 tyrant leeches (Swamp:1)
  A hornet (Swamp:1)
  A swamp worm (Swamp:1)
  2 orc warriors (Orc:1)
  An orc (Orc:2)
46 creatures vanquished.

Vanquished Creatures (others)
  A fire giant (Depths:3)
  An imperial myrmidon (Desolation)
  A white draconian (Zot:1)
  A purple draconian (Zot:1)
  A deep elf annihilator (Elf:3)
  A salamander mystic (Snake:3)
  2 deep elf pyromancers (Elf:1)
  A bloated husk (Swamp:3)
  A saltling (Desolation)
  2 electric eels (Elf:3)
  An orc (Orc:2)
  2 foxfires (Swamp:4)
15 creatures vanquished.

Grand Total: 2225 creatures vanquished

Table legend:
 A = Non-vault XP
 B = Vault XP
 C = Vault XP percentage of total XP
 D = Non-vault monster count
 E = Vault monster count
 F = Vault count percentage of total count
                 A         B        C        D         E       F
            +---------+---------+-------+---------+---------+-------
      Total |  627751 |  699914 |  52.7 |    1256 |     963 |  43.4
            +---------+---------+-------+---------+---------+-------
        D:1 |      31 |       0 |   0.0 |      19 |       0 |   0.0
        D:2 |      34 |       0 |   0.0 |      12 |       0 |   0.0
        D:3 |      75 |       0 |   0.0 |      13 |       0 |   0.0
        D:4 |     309 |     725 |  70.1 |      23 |      11 |  32.4
        D:5 |     762 |     203 |  21.0 |      29 |       2 |   6.5
        D:6 |    2260 |       0 |   0.0 |      26 |       0 |   0.0
        D:7 |    1141 |    2115 |  65.0 |      26 |       7 |  21.2
        D:8 |    1837 |       0 |   0.0 |      28 |       0 |   0.0
        D:9 |    2001 |      21 |   1.0 |      12 |       7 |  36.8
       D:10 |    1985 |    2469 |  55.4 |      22 |       7 |  24.1
       D:11 |    2844 |       0 |   0.0 |       9 |       0 |   0.0
       D:12 |    6826 |       0 |   0.0 |      21 |       0 |   0.0
       D:13 |    9591 |       0 |   0.0 |      28 |       0 |   0.0
       D:14 |    6412 |    6885 |  51.8 |      18 |      13 |  41.9
       D:15 |   11431 |    2144 |  15.8 |      19 |       3 |  13.6
     Lair:1 |    4709 |    2083 |  30.7 |      29 |      14 |  32.6
     Lair:2 |    6059 |       0 |   0.0 |      22 |       0 |   0.0
     Lair:3 |   11829 |    1478 |  11.1 |      37 |       4 |   9.8
     Lair:4 |    3760 |     700 |  15.7 |      13 |       2 |  13.3
     Lair:5 |   10200 |   13463 |  56.9 |      32 |      67 |  67.7
    Swamp:1 |   10645 |    5215 |  32.9 |      20 |       4 |  16.7
    Swamp:2 |    6565 |    1349 |  17.0 |      18 |       1 |   5.3
    Swamp:3 |    9791 |       0 |   0.0 |      18 |       0 |   0.0
    Swamp:4 |   11871 |   19956 |  62.7 |      19 |      28 |  59.6
    Snake:1 |    9085 |       0 |   0.0 |      23 |       0 |   0.0
    Snake:2 |    9993 |       0 |   0.0 |      20 |       0 |   0.0
    Snake:3 |   23364 |    3962 |  14.5 |      47 |       3 |   6.0
    Snake:4 |   26209 |   21811 |  45.4 |      47 |      37 |  44.0
      Orc:1 |    6104 |     857 |  12.3 |      53 |       1 |   1.9
      Orc:2 |    5734 |   13080 |  69.5 |      44 |      70 |  61.4
      Elf:1 |   20810 |   11640 |  35.9 |      36 |      20 |  35.7
      Elf:2 |   14224 |   24254 |  63.0 |      25 |      32 |  56.1
      Elf:3 |   14246 |   27337 |  65.7 |      25 |      24 |  49.0
   Vaults:1 |   18041 |   25729 |  58.8 |      28 |      30 |  51.7
   Vaults:2 |   26232 |   56884 |  68.4 |      38 |      78 |  67.2
   Vaults:3 |   42297 |   18054 |  29.9 |      59 |      21 |  26.2
   Vaults:4 |   18682 |   48038 |  72.0 |      25 |      54 |  68.4
   Vaults:5 |    8647 |   83096 |  90.6 |      14 |      79 |  84.9
   Depths:1 |   26645 |    5892 |  18.1 |      32 |       6 |  15.8
   Depths:2 |   30959 |   27119 |  46.7 |      37 |      19 |  33.9
   Depths:3 |   12468 |  168509 |  93.1 |      17 |     143 |  89.4
   Depths:4 |   11222 |   18196 |  61.9 |      15 |      17 |  53.1
      Zot:1 |   71817 |       0 |   0.0 |      67 |       0 |   0.0
      Zot:2 |   16173 |    3162 |  16.4 |      17 |       1 |   5.6
      Zot:3 |   41432 |       0 |   0.0 |      34 |       0 |   0.0
      Zot:4 |   33525 |       0 |   0.0 |      27 |       0 |   0.0
      Zot:5 |   15748 |   49104 |  75.7 |      11 |      19 |  63.3
    Abyss:3 |    1126 |       0 |   0.0 |       2 |       0 |   0.0
      Sewer |       0 |      63 | 100.0 |       0 |       6 | 100.0
     Bailey |       0 |    1007 | 100.0 |       0 |      19 | 100.0
      IceCv |       0 |    4287 | 100.0 |       0 |      47 | 100.0
 Desolation |       0 |   25852 | 100.0 |       0 |      53 | 100.0
   Gauntlet |       0 |    3175 | 100.0 |       0 |      14 | 100.0
            +---------+---------+-------+---------+---------+-------

Skill      XL: |  1  2  3  4  5  6  7  8  9 10 11 12 13 14 15 16 17 18 19 20 21 22 23 24 25 26 |
---------------+-------------------------------------------------------------------------------+-----
Fighting       | 4 5 6 7 8 10 11 12 13 14 15 16 18 20 21 22 23 24 26 27 | 27.0
Axes           | 4 5 6 7 8 10 11 12 13 14 15 16 17 18 | 18.0
Armour         | 3 4 5 7 8 9 11 12 13 14 15 16 18 20 21 22 23 24 26 27 | 27.0
Dodging        | 3 4 5 6 7 8 10 11 12 13 15 17 18 19 20 21 23 24 27 | 27.0
Shields        | 2 4 6 8 9 11 12 13 14 15 16 | 16.0
Throwing       | 4 8 10 13 16 | 16.0
Evocations     | 1 12 | 12.1

Action                     |  1- 3 |  4- 6 |  7- 9 | 10-12 | 13-15 | 16-18 | 19-21 | 22-24 | 25-27 || total
---------------------------+-------+-------+-------+-------+-------+-------+-------+-------+-------++-------
  Melee: Hand axe          |    56 |    63 |    37 |       |       |       |       |       |       ||   156
         Headbutt          |    12 |    12 |    60 |   100 |   126 |   195 |   303 |   339 |   225 ||  1372
         War axe           |       |       |   190 |     8 |    36 |    22 |       |       |       ||   256
         Flail             |       |       |    45 |       |       |       |       |       |       ||    45
         Broad axe         |       |       |       |   429 |   575 |   731 |  1106 |  1104 |   766 ||  4711
         Shillelagh        |       |       |       |       |     5 |       |       |       |       ||     5
  Throw: Javelin           |       |       |       |       |       |       |       |       |     1 ||     1
 Invoke: Trog's Hand       |       |     2 |     6 |     5 |     7 |     7 |    10 |    13 |     9 ||    59
         Berserk           |       |     1 |     4 |     3 |       |     1 |     3 |     5 |     2 ||    19
         Brothers in Arms  |       |       |       |     2 |     2 |     4 |     7 |     8 |     4 ||    27
  Evoke: Wand              |       |       |       |     4 |     1 |     3 |       |     1 |       ||     9
         Lightning rod     |       |       |       |       |       |       |     1 |       |       ||     1
    Use: Scroll            |     7 |     1 |     8 |    15 |     4 |     7 |     5 |    11 |    11 ||    69
         Potion            |       |     1 |     3 |     8 |     2 |     4 |     6 |    20 |    15 ||    59
   Stab: Paralysed         |       |       |     2 |       |       |       |       |       |       ||     2
         Invisible         |       |       |     1 |       |       |       |     5 |     1 |       ||     7
         Distracted        |       |       |       |       |     1 |     2 |     2 |     2 |       ||     7
 Armour: Animal skin       |     2 |       |       |       |       |       |       |       |       ||     2
         Ring mail         |    11 |    19 |    48 |       |       |       |       |       |       ||    78
         Scale mail        |       |       |    81 |    82 |       |       |       |       |       ||   163
         Skin              |       |       |       |     5 |       |       |       |       |       ||     5
         Crystal plate arm |       |       |       |   158 |   431 |   452 |   445 |    84 |   310 ||  1880
         Gold dragon scale |       |       |       |       |       |       |       |   450 |   205 ||   655
  Dodge: Dodged            |    34 |    34 |   177 |   195 |   238 |   295 |   376 |   496 |   419 ||  2264
         Repelled          |       |       |       |       |       |       |       |       |    38 ||    38
  Block: Kite shield       |       |       |   167 |   330 |   760 |   201 |       |       |       ||  1458
         Reflection        |       |       |       |     2 |    17 |    72 |   163 |    49 |       ||   303
         Tower shield      |       |       |       |       |       |   791 |  1338 |  1432 |   842 ||  4403

Illustrated notes

Table legend:
 A = Kills in this place as a percentage of kills in the entire game.
 B = Kills by you in this place as a percentage of kills by you in the entire game.
 C = Kills by friends in this place as a percentage of kills by friends in the entire game.
 D = Other kills in this place as a percentage of other kills in the entire game.
 E = Experience gained in this place as a percentage of experience gained in the entire game.
 F = Experience gained in this place divided by the number of levels of this place that you have seen.
                   A       B       C       D       E      F
               +-------+-------+-------+-------+-------+----------------------
         Total | 100.0 | 100.0 | 100.0 | 100.0 | 100.0 | 24139.4
       Dungeon |  16.0 |  16.4 |   2.2 |   0.0 |   4.7 | 4140.1
          Lair |   9.9 |  10.2 |   0.0 |   0.0 |   4.1 | 10856.2
         Swamp |   4.9 |   4.5 |  21.7 |   0.0 |   4.9 | 16348.0
     Snake Pit |   8.0 |   7.8 |  15.2 |  11.1 |   7.1 | 23606.0
  Orcish Mines |   7.6 |   7.4 |  15.2 |   0.0 |   1.9 | 12887.5
   Elven Halls |   7.3 |   7.3 |   2.2 |  33.3 |   8.5 | 37503.7
        Vaults |  19.2 |  19.3 |  17.4 |   0.0 |  26.0 | 69140.0
        Depths |  12.9 |  12.9 |  10.9 |  11.1 |  22.7 | 75252.5
           Zot |   7.9 |   7.7 |  15.2 |  22.2 |  17.4 | 46192.2
         Abyss |   0.1 |   0.1 |   0.0 |   0.0 |   0.1 | 1126.0
         Sewer |   0.3 |   0.3 |   0.0 |   0.0 |   0.0 |  63.0
        Bailey |   0.9 |   0.9 |   0.0 |   0.0 |   0.1 | 1007.0
      Ice Cave |   2.1 |   2.2 |   0.0 |   0.0 |   0.3 | 4287.0
    Desolation |   2.4 |   2.4 |   0.0 |  22.2 |   1.9 | 25852.0
      Gauntlet |   0.6 |   0.6 |   0.0 |   0.0 |   0.2 | 3175.0
               +-------+-------+-------+-------+-------+----------------------

Table legend: (Time is in decaauts)
 A = Elapsed time spent in this place.
 B = Non-inter-level travel time spent in this place.
 C = Inter-level travel time spent in this place.
 D = Time resting spent in this place.
 E = Time spent auto-exploring this place.
 F = Levels seen in this place.
 G = Mean time per level.
                   A        B        C        D        E       F      G
               +--------+--------+--------+--------+--------+-----+--------+
         Total |  69013 |  63177 |   5836 |   9247 |  41515 |  55 | 1254.8 |
       Dungeon |  14883 |  12764 |   2119 |    513 |   9764 |  15 |  992.2 |
          Lair |   6033 |   5611 |    422 |    444 |   4072 |   5 | 1206.6 |
         Swamp |   3301 |   3128 |    173 |    129 |   2455 |   4 |  825.2 |
     Snake Pit |   5814 |   5455 |    359 |    484 |   4169 |   4 | 1453.5 |
  Orcish Mines |   2795 |   2428 |    367 |    230 |   1711 |   2 | 1397.5 |
   Elven Halls |   5902 |   5518 |    384 |    863 |   3675 |   3 | 1967.3 |
        Vaults |  11625 |  10358 |   1267 |   2270 |   6150 |   5 | 2325.0 |
        Depths |   8813 |   8418 |    395 |   2531 |   4209 |   4 | 2203.2 |
           Zot |   7049 |   6702 |    347 |   1662 |   3604 |   5 | 1409.8 |
         Abyss |     48 |     48 |      0 |      0 |      0 |   1 |   48.0 |
        Bazaar |     15 |     15 |      0 |      0 |     11 |   1 |   15.0 |
         Trove |    210 |    210 |      0 |      0 |    154 |   1 |  210.0 |
         Sewer |    222 |    222 |      0 |      0 |    181 |   1 |  222.0 |
        Bailey |    338 |    338 |      0 |     77 |    115 |   1 |  338.0 |
      Ice Cave |    666 |    666 |      0 |      0 |    453 |   1 |  666.0 |
    Desolation |    736 |    736 |      0 |     42 |    409 |   1 |  736.0 |
      Gauntlet |    556 |    556 |      0 |      0 |    376 |   1 |  556.0 |
               +--------+--------+--------+--------+--------+-----+--------+

Top non-repeatable levels by time:
Vaults:4: 4397 daAuts
Depths:3: 4323 daAuts
   Zot:1: 2797 daAuts
Vaults:2: 2284 daAuts
Depths:2: 2116 daAuts
    D:14: 2102 daAuts
   Elf:2: 2050 daAuts
   Elf:3: 1953 daAuts
   Orc:2: 1930 daAuts
   Elf:1: 1898 daAuts
Vaults:5: 1894 daAuts
 Snake:3: 1753 daAuts
 Snake:4: 1740 daAuts
Vaults:1: 1695 daAuts
  Lair:5: 1640 daAuts
